 Dungeon Crawl Stone Soup version 0.20-a0-681-gf83e07f (webtiles) character file.

5159 nono the Grappler (level 10, -1/83 HPs)
             Began as a Troll Transmuter on Feb 19, 2017.
             Was a Believer of Cheibriados.
             Slain by a yak (16 damage)
             ... on level 10 of the Dungeon.
             The game lasted 00:22:07 (6468 turns).

nono the Grappler (Troll Transmuter)                Turns: 6468, Time: 00:22:08

Health: -1/83      AC:  8    Str: 26      XL:     10   Next: 33%
Magic:  12/12      EV: 16    Int: 18      God:    Cheibriados [**....]
Gold:   241        SH:  4    Dex: 19 (21) Spells: 8/11 levels left

rFire    + . .     SeeInvis .     - Unarmed
rCold    + . .     Gourm    +   L - +2 robe {rC+ rF+}
rNeg     . . .     Faith    .   (no shield)
rPois    +         Spirit   .   (helmet restricted)
rElec    .         Reflect  +   D - +0 cloak
rCorr    .         Harm     .   (gloves unavailable)
MR       +....                  (boots unavailable)
Stlth    ++........             G - +4 amulet of reflection
Regen    0.7/turn               (no ring)
MPRegen  0.2/turn               z - +5 ring of dexterity

@: very slow
A: unfitting armour, claws 3, horns 1, blurry vision 1, deterioration 1, fast
metabolism 3, gourmand, magic resistance 1, poison resistance, regeneration 1,
shaggy fur 1, tough skin 2
a: Bend Time, Renounce Religion


You were on level 10 of the Dungeon.
You worshipped Cheibriados.
Cheibriados was pleased with you.
You were very full.

You visited 2 branches of the dungeon, and saw 11 of its levels.
You also visited: Sewer.

You collected 472 gold pieces.
You spent 231 gold pieces at shops.

Inventory:

Missiles
 a - 203 arrows
Armour
 D - a +0 cloak (worn)
 L - a +2 robe of resistance (worn)
Jewellery
 z - a +5 ring of dexterity (left claw)
 G - a +4 amulet of reflection (around neck)
Wands
 q - a wand of flame (28/48)
 B - a wand of confusion (12/48)
 J - a wand of lightning (9/15)
Scrolls
 e - 3 scrolls of fear {unknown}
 h - 4 scrolls of teleportation
 i - 2 scrolls of magic mapping {unknown}
 j - 2 scrolls of recharging {unknown}
 l - 2 scrolls of identify
 n - 2 scrolls of blinking {unknown}
 p - a scroll of amnesia {unknown}
 r - 3 scrolls of random uselessness {unknown}
 v - 2 scrolls of noise {unknown}
 x - 2 scrolls of enchant weapon {unknown}
 y - a scroll of remove curse {unknown}
 E - 2 scrolls of enchant armour {unknown}
 I - 2 scrolls of holy word {unknown}
Potions
 f - 2 potions of heal wounds {unknown}
 k - 2 potions of cancellation {unknown}
 m - 2 potions of mutation
 t - a potion of might
 u - 2 potions of brilliance
 w - 6 potions of flight {unknown}
 A - a potion of curing
 F - 2 potions of lignification {unknown}
 H - a potion of berserk rage {unknown}
Books
 c - a book of Changes

   Spells                             Type                      Level
   a - Beastly Appendage              Transmutation                1
   b - Sticks to Snakes               Transmutation                2
   c - Spider Form                    Transmutation/Poison         3
   d - Ice Form                       Ice/Transmutation            4
   e - Blade Hands                    Transmutation                5
 C - a book of Geomancy

   Spells                             Type                      Level
   a - Sandblast                      Earth                        1
   b - Passwall                       Transmutation/Earth          2
   c - Stone Arrow                    Conjuration/Earth            3
   d - Petrify                        Transmutation/Earth          4
   e - Lee's Rapid Deconstruction     Earth                        5
Comestibles
 b - 2 chunks of flesh
 d - 4 bread rations
 g - 2 meat rations
 o - 6 royal jellies
 s - 12 fruits


   Skills:
 - Level 0.7 Fighting
 - Level 8.7 Dodging
 - Level 10.4 Unarmed Combat
 - Level 1.2 Spellcasting
 + Level 1.3 Transmutations
 - Level 5.1 Invocations


You had 8 spell levels left.
You knew the following spells:

 Your Spells              Type           Power        Failure   Level  Hunger
a - Beastly Appendage     Tmut           #.....       12%         1    ##.....
b - Sticks to Snakes      Tmut           #.......     17%         2    ###....


Dungeon Overview and Level Annotations

Branches:
Dungeon (10/15)            Temple (1/1) D:5
   Lair: D:8-11         Orc: D:9-12

Altars:
Ashenzari
Cheibriados
Dithmenos
Elyvilon
Fedhas
Gozag
Kikubaaqudgha
Nemelex Xobeh
Okawaru
Qazlal
Ru
Sif Muna
Trog
Xom
Yredelemnul
Zin
The Shining One

Shops:
D:4 !%[   D:8 !

Annotations:
D:6 Eustachio
D:9 exclusion: fire dragon


Innate Abilities, Weirdness & Mutations

You are too large for most types of armour.
You have claws for hands.
Your metabolism is lightning-fast.
You like to eat raw meat.
Your natural rate of healing is unusually fast.
You are covered in fur. (AC +1)
You have very tough skin. (AC +2)
You have a pair of small horns on your head.
Scrolls take you a little longer to read.
Your body sometimes deteriorates upon taking damage.
You are resistant to hostile enchantments. (MR+)
Your system is resistant to poisons. (rPois)


Message History

Unknown command.
You closely miss the orc wizard. Your headbutt misses the orc wizard.
The orc wizard is severely wounded.
You feel sick.
The orc wizard gestures wildly while chanting.
The orc wizard blinks!
The yak gores you! You block the orc's attack.
Unknown command.
You claw the orc!
You kill the orc!
Cheibriados appreciates the change of pace.
The yak closely misses you. The yak gores you.
* * * LOW HITPOINT WARNING * * *
The yak completely misses you. The yak barely misses you. The yak misses you.
Unknown command.
You feel sick. The yak gores you!
* * * LOW HITPOINT WARNING * * *
The yak completely misses you. The yak gores you!
* * * LOW HITPOINT WARNING * * *
You feel better. The yak gores you but does no damage. The yak gores you!
You die...

....#..................#
.PP..#................#
. ♣...#...............##
.. ..................##
...♣♣...............##
...................##
.......Y).........##
......)YYo.......##
.......Y@.......##
.......Y.......##
..............##
###############


You could see 5 yaks and an orc wizard.

Vanquished Creatures
  Erica (D:8)
  Pikel (D:7)
  Psyche (D:8)
  2 wyverns
  A hungry ghost (D:7)
  A water moccasin (D:7)
  Edmund (D:6)
  3 orc warriors
  2 sky beasts
  An ice beast (D:5)
  A slave (D:7)
  4 black bears
  2 ogres
  A big kobold (Sewer)
  2 bullfrogs
  2 elf skeletons (D:7)
  4 scorpions
  5 wights (D:7)
  4 howler monkeys
  2 crimson imps
  A bullfrog zombie (D:7)
  3 hounds
  A quasit (D:3)
  2 jellies (D:6)
  3 orc priests (D:9)
  A centaur skeleton (D:7)
  3 human skeletons (D:7)
  4 orc wizards
  2 bullfrog skeletons
  An iguana (D:5)
  5 worker ants
  A hound zombie (D:9)
  2 hound skeletons
  11 gnolls
  2 river rats (Sewer)
  12 adders
  A shadow imp (D:5)
  An ooze (D:5)
  An adder skeleton (D:4)
  6 worms
  2 dart slugs
  6 leopard geckos
  18 orcs
  10 bats
  12 giant cockroaches
  7 goblins
  9 hobgoblins
  2 jackals
  10 kobolds
  2 quokkas
  2 ball pythons (D:3)
  5 frilled lizards
  A jackal skeleton (D:7)
  An orc skeleton (D:7)
  A quokka skeleton (D:7)
  8 rats
200 creatures vanquished.

Vanquished Creatures (others)
  A sky beast (D:7)
  2 slaves (D:7)
  A rat (D:1)
4 creatures vanquished.

Grand Total: 204 creatures vanquished

Notes
Turn   | Place    | Note
-------+----------+-------------------------------------------
     0 | D:1      | nono the Troll Transmuter began the quest for the Orb.
     0 | D:1      | Reached XP level 1. HP: 18/18 MP: 1/1
   238 | D:1      | Reached XP level 2. HP: 25/26 MP: 2/2
   629 | D:1      | Reached XP level 3. HP: 31/32 MP: 3/3
  1385 | D:3      | Reached skill level 4 in Unarmed Combat
  1426 | D:3      | Reached XP level 4. HP: 40/40 MP: 4/4
  1701 | D:3      | Reached XP level 5. HP: 40/46 MP: 5/5
  2076 | D:4      | Reached skill level 5 in Unarmed Combat
  2090 | D:4      | Reached XP level 6. HP: 49/54 MP: 6/6
  2225 | D:4      | Found Zezasub's Distillery.
  2259 | D:4      | Bought a potion of curing for 33 gold pieces
  2322 | D:4      | Found Unwyorr's Food Shop.
  2350 | D:4      | Found Orgh's Antique Armour Shop.
  2365 | D:4      | Bought a faintly glowing robe for 142 gold pieces
  2376 | D:4      | Identified the +3 robe of the Skies Above {Int+2 Dex+2} (You bought it in a shop on level 4 of the Dungeon)
  2507 | D:5      | Entered Level 5 of the Dungeon
  2533 | D:5      | Learned a level 2 spell: Sticks to Snakes
  2560 | D:5      | Found a glowing silver altar of Zin.
  2616 | D:5      | Reached XP level 7. HP: 56/61 MP: 7/7
  2655 | D:5      | Reached skill level 6 in Unarmed Combat
  2662 | D:5      | Reached skill level 5 in Dodging
  2741 | D:5      | Found a staircase to the Ecumenical Temple.
  2750 | Temple   | Entered the Ecumenical Temple
  2802 | Temple   | Became a worshipper of Cheibriados the Contemplative
  3198 | D:5      | Found a glowing golden altar of the Shining One.
  3538 | D:6      | Noticed Edmund
  3547 | D:6      | Killed Edmund
  3547 | D:6      | Reached skill level 7 in Unarmed Combat
  3570 | D:6      | Found a glowing drain.
  3575 | Sewer    | Entered a sewer
  3591 | Sewer    | Reached XP level 8. HP: 51/68 MP: 8/8
  3650 | Sewer    | Reached * piety under Cheibriados
  3669 | Sewer    | Found a white marble altar of Elyvilon.
  3842 | D:6      | Noticed Eustachio
  4423 | D:7      | Noticed Pikel
  4483 | D:7      | Gained mutation: You have a pair of large horns on your head. [mutagenic meat]
  4485 | D:7      | Gained mutation: You possess an exceptional clarity of mind. [mutagenic meat]
  4486 | D:7      | Lost mutation: You possess an exceptional clarity of mind. [mutagenic meat]
  4487 | D:7      | Gained mutation: You are resistant to hostile enchantments. (MR+) [mutagenic meat]
  4488 | D:7      | Gained mutation: Armour fits poorly on your strangely shaped body. [mutagenic meat]
  4512 | D:7      | Found a shimmering altar of Xom.
  4532 | D:7      | Reached skill level 8 in Unarmed Combat
  4561 | D:7      | Killed Pikel
  4561 | D:7      | Reached XP level 9. HP: 46/75 MP: 7/9
  4580 | D:7      | Reached skill level 9 in Unarmed Combat
  4890 | D:7      | Found an ancient bone altar of Kikubaaqudgha.
  4901 | D:7      | Found an iron altar of Okawaru.
  4906 | D:7      | Reached ** piety under Cheibriados
  5327 | D:8      | Reached skill level 10 in Unarmed Combat
  5341 | D:8      | Lost mutation: Armour fits poorly on your strangely shaped body. [mutagenic meat]
  5342 | D:8      | Gained mutation: Your body sometimes deteriorates upon taking damage. [mutagenic meat]
  5343 | D:8      | Gained mutation: Scrolls take you a little longer to read. [mutagenic meat]
  5344 | D:8      | Gained mutation: Your system is resistant to poisons. (rPois) [mutagenic meat]
  5367 | D:8      | Noticed Psyche
  5374 | D:8      | Killed Psyche
  5407 | D:8      | Found Vineahos's Distillery.
  5418 | D:8      | Bought a potion of might for 56 gold pieces
  5534 | D:8      | Reached skill level 1 in Invocations
  5725 | D:8      | Noticed Erica
  5740 | D:8      | Killed Erica
  5740 | D:8      | Reached XP level 10. HP: 61/83 MP: 9/11
  6148 | D:9      | Noticed a fire dragon
  6198 | D:9      | Found a stormy altar of Qazlal.
  6308 | D:9      | Reached skill level 5 in Invocations
  6340 | D:10     | Entered Level 10 of the Dungeon
  6467 | D:10     | HP: 4/83 [yak (13)]
  6468 | D:10     | Slain by a yak

Vault maps used:
D:1:      shiori_arrival_oz
D:4:      serial_shops, shop_coins, shop, shop
D:5:      nicolae_tso_swordbearing_angel, lemuel_round_altar,
          lemuel_temple_firewalk_b, first_bread
D:6:      serial_column_ruins, column_ruins_columns_straight,
          column_ruins_grid_3, column_ruins_grid_2,
          column_ruins_corridor_corner, column_ruins_columns_straight,
          lightli_sewer_entry_pipes, uniq_edmund, uniq_eustachio
D:7:      chequers_temple_overflow_statue_of_worship,
          nicolae_ossuary_entry_catacombs, grunt_ogre_cave, lemuel_tele_altar,
          uniq_pikel
D:8:      serial_shops, shop, uniq_psyche, uniq_erica
D:9:      hangedman_cross_stitches, grunt_qazlal_clouds
D:10:     serial_park, serial_park_square3, serial_park_tiny_2,
          serial_park_square2, serial_park_square1
Temple:   regret_index_temple_sphere_string
Sewer:    sewer_kobolds

Skill      XL: |  1  2  3  4  5  6  7  8  9 10 |
---------------+-------------------------------+-----
Dodging        | 2 3 4 5 7 8 |  8.7
Unarmed Combat | 4 5 7 8 10 | 10.4
Invocations    | 3 5 |  5.1
Fighting       | |  0.7
Spellcasting   | |  1.2
Transmutations | |  1.3

Action                   |  1- 3 |  4- 6 |  7- 9 | 10-12 || total
-------------------------+-------+-------+-------+-------++-------
Melee: Unarmed           |   129 |   185 |   262 |    65 ||   641
       Punch             |       |     1 |    10 |     2 ||    13
       Kick              |       |       |    44 |    14 ||    58
       Headbutt          |       |       |    46 |    16 ||    62
 Cast: Beastly Appendage |       |       |    19 |     3 ||    22
Invok: Bend Time         |       |       |       |     1 ||     1
 Abil: Evoke Berserk Rag |       |       |     1 |       ||     1
Evoke: Wand              |       |       |     4 |     1 ||     5
  Use: Scroll            |       |       |     4 |     1 ||     5
       Potion            |       |       |       |     5 ||     5
 Stab: Sleeping          |     2 |       |     5 |       ||     7
  Eat: Chunk             |    19 |    11 |    34 |     6 ||    70
       Fruit             |       |       |     2 |       ||     2
Armor: Robe              |    43 |    50 |    42 |    18 ||   153
Dodge: Dodged            |    73 |   111 |   155 |    39 ||   378
Block: Other             |       |       |       |    11 ||    11
